 Dungeon Crawl Stone Soup version 0.15.1 (webtiles) character file.

16 Kashira the Caller (level 2, 0/11 HPs)
             Began as a Felid Summoner on Sept 18, 2014.
             Slain by a giant gecko (2 damage)
             ... on Level 2 of the Dungeon.
             The game lasted 00:03:45 (1466 turns).

Kashira the Caller (Felid Summoner)                 Turns: 1466, Time: 00:03:47

HP   0/11        AC  1     Str  4      XL: 2   Next: 37%
MP   0/5         EV 18     Int 16      God:
Gold 35          SH  0     Dex 16      Spells:  2 memorised,  2 levels left
Lives: 0, deaths: 0

rFire  . . .     SeeInvis +     (weapon unavailable)
rCold  . . .     Clarity  .     (armour unavailable)
rNeg   . . .     rCorr    .     (shield unavailable)
rPois  .         rRot     .     (helmet unavailable)
rElec  .         Spirit   .     (cloak unavailable)
SustAb .         Warding  .     (gloves unavailable)
rMut   .         Stasis   .     (boots unavailable)
Gourm  .                        (no amulet)
MR     .....                    (no ring)
                                (no ring)

@: quick, not resistant to hostile enchantments, fairly stealthy
A: paw claws, no armour, no weapons or thrown items, fangs 3, see invisible,
carnivore 3, speed 1, shaggy fur 1, slow metabolism 1, jump 1
a: Jump Attack


You were on level 2 of the Dungeon.
You were very full.

You visited 1 branch of the dungeon, and saw 2 of its levels.

You collected 35 gold pieces.

Inventory:

Hand weapons
 f - a +0 dagger
Missiles
 g - 12 arrows
Comestibles
 c - a meat ration
Scrolls
 i - 3 scrolls of teleportation {unknown}
 k - a scroll of identify {unknown}
 o - a scroll of remove curse {unknown}
Jewellery
 e - a cursed ring of loudness {unknown}
Potions
 a - a potion of curing {unknown}
 d - 2 potions of cancellation {unknown}
 h - 2 potions of brilliance {unknown}
 j - a potion of flight {unknown}
 l - a potion of resistance {unknown}
 m - a potion of heal wounds {unknown}
Books
 b - a book of Callings

   Spells                             Type                      Level
   *Summon Small Mammal               Summoning                    1
   *Call Imp                          Summoning                    2
   Call Canine Familiar               Summoning                    3
   Summon Guardian Golem              Hexes/Summoning              4
   Summon Lightning Spire             Summoning/Air                4
   Summon Ice Beast                   Ice/Summoning                4


   Skills:
 + Level 3.1 Dodging
 - Level 2.6 Stealth
 + Level 2.1 Spellcasting
 + Level 4.4 Summonings


You had 2 spell levels left.
You knew the following spells:

 Your Spells              Type           Power        Failure   Level  Hunger
a - Summon Small Mammal   Summ           ###.         4%          1    #......
b - Call Imp              Summ           ###.....     8%          2    ###....


Dungeon Overview and Level Annotations

Branches:
Dungeon (2/15)

Altars:


Innate Abilities, Weirdness & Mutations

You cannot wear armour.
You are incapable of wielding weapons or throwing items.
Your paws have sharp claws.
You have razor-sharp teeth.
You have supernaturally acute eyesight.
You are carnivorous and can eat meat at any time.
You cover ground quickly.
You are covered in fur (AC +1).
You have a slow metabolism.
You can jump attack at a short distance.


Message History

The bat completely misses you. The bat hits you.
* * * LOW HITPOINT WARNING * * *
Your crimson imp hits the bat.
The bat dies!
Your crimson imp hits the giant gecko.
Your quokka barely misses the giant gecko.
The giant gecko completely misses you.
You miss the giant gecko.
The giant gecko is severely wounded.
Your quokka closely misses the giant gecko.
Your crimson imp blinks!
The giant gecko bites you.
* * * LOW HITPOINT WARNING * * *
You scratch the giant gecko.
The giant gecko is almost dead.
Your quokka barely misses the giant gecko.
Your crimson imp blinks!
Your crimson imp closely misses the giant gecko.
The giant gecko bites you.
You die...

. # #. .#
♣.♣# #♣.♣
#.5.###...#
#....r..#
#.5l§.#
##♣@♣## ###


You could see a giant gecko (bleeding), 2 friendly crimson imps and a friendly
quokka.

Vanquished Creatures
  2 goblins (D:1)
  A bat (D:1)
  A giant newt (D:1)
  4 rats (D:1)
8 creatures vanquished.

Vanquished Creatures (collateral kills)
  A giant gecko (D:1)
  A goblin (D:1)
  A hobgoblin (D:1)
  4 kobolds (D:1)
  2 bats
  A giant newt (D:1)
  2 rats (D:1)
12 creatures vanquished.

Vanquished Creatures (others)
  3 rats (D:1)
3 creatures vanquished.

Grand Total: 23 creatures vanquished

Notes
Turn   | Place    | Note
--------------------------------------------------------------
     0 | D:1      | Kashira, the Felid Summoner, began the quest for the Orb.
     0 | D:1      | Reached XP level 1. HP: 7/7 MP: 4/4
   506 | D:1      | Reached XP level 2. HP: 4/11 MP: 1/5
  1068 | D:1      | Learned a level 2 spell: Call Imp
  1466 | D:2      | Slain by a giant gecko

Action                   || total
-------------------------++-------
Melee: Unarmed           ||    44
 Cast: Summon Small Mamm ||    28
       Call Imp          ||     5
 Abil: Jump Attack       ||     2
 Stab: Sleeping          ||     2
       Distracted        ||     1
  Eat: Chunk             ||     8
